Map: Dusty Gorge

Players

Adversity - Winner!

  • Race: Terran Terran
  • Spawn Location: 9:00

Maru - Winner!

  • Race: Terran Terran
  • Spawn Location: 11:00

Emery

  • Race: Terran Terran
  • Spawn Location: 5:00

Protoss

  • Race: Protoss Protoss
  • League: Grandmaster
  • Spawn Location: 3:00

VOD

Have the link to the VOD?

Description

Time

  • Played on: July 13, 2018, 1:28 p.m.
  • Length: 8:15
Show
View Real Time Build Order
Export as new Build Order

Adversity Terran - Winner!

Build Orders:  

Get SALT Encoding   

  12  0:07  SCV  
  13  0:19  SCV  
  14  0:24  Supply Depot  
  14  0:31  SCV  
  14  0:32  Refinery  
  15  0:45  SCV  
  16  0:50  Barracks  
  16  0:57  SCV  
  17  1:09  SCV  
  18  1:14  Barracks  
  18  1:22  SCV  
  19  1:32  Barracks  
  19  1:39  Reaper  
  20  1:45  Orbital Command  
  20  1:54  Supply Depot  
  20  2:01  Refinery  
  20  2:07  Reaper  
  21  2:11  Reaper  
  22  2:21  Reaper  
  22  2:22  SCV  
  24  2:28  Supply Depot  
  24  2:34  SCV  
  25  2:39  Reaper  
  26  2:46  Reaper  
  26  2:47  SCV  
  29  2:58  Reaper  
  29  3:00  SCV  
  30  3:09  Command Center  
  30  3:13  Reaper  
  30  3:14  SCV  
  32  3:20  Supply Depot  
  31  3:41  SCV  
  31  3:47  Factory  
  32  3:49  Barracks Tech Lab  
  32  3:51  Marine, Barracks Reactor  
  33  3:56  SCV  
  33  4:15  Marine x2  
  33  4:28  Marine x2  
  33  4:29  Stimpack  
  33  4:30  SCV  
  36  4:31  Orbital Command  
  36  4:33  Marine x2  
  36  4:35  Factory Reactor, Starport  
  37  4:52  Marine  
  37  4:53  Marine x3  
  37  4:56  Barracks  
  37  4:57  SCV  
  37  4:58  Barracks  
  37  4:59  SCV  
  43  5:09  SCV  
  43  5:11  SCV  
  45  5:23  Marine  
  45  5:24  Marine  
  45  5:27  Marine x2  
  49  5:28  SCV  
  49  5:32  SCV  
  50  5:39  Supply Depot, Engineering Bay x2  
  50  5:40  SCV  
  51  5:46  Marine x5  
  51  5:47  Medivac, Marine  
  58  5:51  Medivac  
  58  5:56  SCV x2  
  61  5:59  Supply Depot  
  45  6:18  Marine x2  
  39  6:23  Marine x3  
  43  6:26  SCV x2  
  45  6:38  Marine x3, SCV x2  
  50  6:40  Marine  
  51  6:50  Medivac x2, Armory, SCV x2  
  57  6:54  Marine x2  
  57  6:56  Marine x2  
  61  7:03  SCV x2  
  61  7:06  Marine x2  
  65  7:12  Supply Depot, Marine x2  
  65  7:13  Marine  
  68  7:15  SCV x2  
  68  7:20  Marine  
  71  7:24  Marine x2  
  71  7:28  SCV  
  71  7:29  SCV  
  75  7:39  Marine  
  75  7:40  Marine  
  75  7:42  Marine  
  75  7:43  Marine x3  
  81  7:49  Refinery  
  81  7:50  Refinery, Supply Depot  
Show
View Real Time Build Order
Export as new Build Order

Maru Terran - Winner!

Build Orders: Gas First Reaper Expand 

Get SALT Encoding   

  12  0:01  SCV  
  13  0:13  SCV  
  14  0:18  Supply Depot  
  14  0:25  SCV  
  15  0:31  Refinery  
  15  0:40  SCV  
  16  0:46  Barracks  
  16  0:52  SCV  
  18  1:04  SCV  
  18  1:16  SCV  
  19  1:33  Orbital Command  
  19  1:34  Reaper  
  20  1:47  Command Center  
  20  1:58  Factory  
  20  2:01  SCV  
  21  2:08  Barracks Reactor  
  21  2:13  Refinery  
  21  2:18  SCV  
  21  2:20  Supply Depot  
  22  2:30  SCV  
  23  2:42  SCV  
  24  2:46  Armory  
  24  2:54  SCV  
  25  3:07  Orbital Command  
  25  3:10  Cyclone  
  28  3:15  Refinery  
  30  3:20  Cyclone  
  30  3:21  SCV  
  30  3:24  Supply Depot  
  31  3:33  SCV  
  32  3:34  SCV  
  32  3:38  Terran Vehicle Weapons Level 1  
  33  3:43  Hellion  
  33  3:45  SCV  
  33  3:46  SCV  
  37  3:52  Cyclone  
  40  3:58  SCV x2  
  42  4:05  Supply Depot  
  42  4:07  Cyclone  
  45  4:10  SCV  
  45  4:13  SCV  
  47  4:22  SCV  
  47  4:23  Refinery  
  47  4:24  Cyclone  
  51  4:36  SCV  
  51  4:37  SCV  
  51  4:38  Factory  
  48  4:41  Supply Depot  
  48  4:43  Cyclone  
  51  4:48  SCV  
  51  4:49  SCV  
  51  4:50  Barracks Reactor  
  53  4:55  Supply Depot  
  53  5:03  SCV  
  51  5:13  Cyclone, SCV  
  52  5:15  SCV  
  52  5:19  Cyclone  
  56  5:25  SCV  
  57  5:30  Command Center  
  57  5:31  SCV  
  58  5:37  SCV  
  58  5:38  Cyclone  
  59  5:52  Cyclone x2  
  59  5:53  Cyclone  
  59  5:54  SCV  
  69  6:01  Factory  
  69  6:05  Barracks Tech Lab  
  69  6:10  Hellion  
  71  6:16  SCV x2  
  73  6:21  Supply Depot  
  73  6:22  Supply Depot  
  73  6:23  Supply Depot  
  73  6:24  Hellion  
  75  6:28  SCV  
  76  6:35  Factory  
  76  6:36  Hellion  
  76  6:37  Factory  
  78  6:41  SCV x2  
  78  6:42  Hellion, Orbital Command  
  82  6:48  Supply Depot  
  82  6:54  SCV  
  83  6:55  Cyclone  
  83  6:56  Cyclone, Hellion  
  83  6:58  SCV  
  92  7:02  Hellion  
  92  7:07  SCV  
  92  7:08  SCV  
  84  7:10  Hellion  
  84  7:14  SCV  
  87  7:17  Supply Depot  
  87  7:21  Factory Tech Lab x2  
  87  7:23  Hellion  
  87  7:24  SCV  
  87  7:26  SCV  
  91  7:30  Cyclone  
  91  7:32  Cyclone  
  91  7:34  SCV  
  91  7:36  SCV  
  99  7:37  Refinery  
  99  7:38  Refinery, SCV  
  99  7:39  Supply Depot  
  99  7:41  Engineering Bay  
  100  7:46  Hellion  
  100  7:49  Hellion x2  
  107  7:54  SCV  
  107  7:55  SCV  
  117  8:15  Supply Depot  
Show
View Real Time Build Order
Export as new Build Order

Emery Terran 

Build Orders:  

Get SALT Encoding   

  12  0:01  SCV  
  13  0:13  SCV  
  14  0:20  Supply Depot  
  14  0:26  SCV  
  15  0:33  Refinery  
  15  0:42  SCV  
  16  0:47  Barracks  
  16  0:56  SCV  
  17  1:06  Barracks  
  17  1:11  SCV  
  18  1:21  Refinery  
  18  1:28  SCV  
  19  1:40  Barracks Tech Lab  
  19  1:44  Factory  
  19  1:46  SCV  
  20  1:56  Supply Depot  
  20  2:04  Marauder  
  20  2:07  SCV  
  23  2:14  Concussive Shells  
  23  2:21  SCV  
  24  2:27  Marine  
  25  2:33  Starport  
  25  2:35  Factory Tech Lab  
  25  2:40  SCV  
  26  2:49  Supply Depot  
  26  2:59  Siege Tank  
  29  3:06  Marine  
  30  3:20  Medivac  
  30  3:23  Orbital Command  
  32  3:28  Supply Depot  
  32  3:43  Marine  
  32  3:44  Marauder  
  32  3:46  Stimpack  
  35  3:51  SCV  
  36  3:58  Medivac  
  38  4:03  Widow Mine  
  38  4:04  Marine  
  38  4:09  Supply Depot  
  33  4:54  Siege Tank  
  36  5:00  Marine x2  
  36  5:02  Medivac  
  40  5:10  Command Center  
  40  5:18  Marine x2  
  42  5:38  Marine, Marauder  
  45  5:48  SCV  
  46  5:50  Siege Tank  
  46  5:56  Marine  
  50  6:00  Marauder  
  39  6:29  Marine  
  39  6:30  Marine  
  41  6:33  SCV  
  41  6:37  Siege Tank  
  45  6:45  SCV  
  46  6:47  Marine  
  37  7:16  Medivac  
  39  7:46  Marine x2  
  39  7:49  SCV  
Show
View Real Time Build Order
Export as new Build Order

Protoss Protoss 

Build Orders: 1 Gate Expand, Blink Stalkers 

Get SALT Encoding   

  12  0:00  Probe  
  13  0:12  Probe  
  14  0:18  Pylon  
  14  0:25  Probe  
  15  0:37  Probe  
  15  0:40  Gateway  
  16  0:49  Probe  
  16  0:51  Assimilator  
  17  0:57  Probe  
  18  1:05  Probe  
  19  1:28  Nexus  
  19  1:41  Cybernetics Core  
  19  1:47  Probe  
  20  1:55  Pylon  
  20  1:59  Probe  
  21  2:05  Assimilator  
  21  2:07  Stalker, Warp Gate  
  21  2:11  Probe  
  24  2:26  Probe  
  24  2:30  Stalker  
  24  2:32  Gateway  
  26  2:45  Probe  
  27  2:52  Probe  
  27  2:57  Probe  
  29  3:01  Twilight Council  
  29  3:04  Probe  
  30  3:12  Probe  
  31  3:16  Probe  
  32  3:20  Blink  
  32  3:23  Gateway  
  32  3:24  Probe  
  33  3:29  Probe  
  33  3:31  Stalker  
  36  3:36  Probe  
  37  3:45  Probe  
  37  3:48  Probe  
  39  3:55  Pylon  
  39  3:57  Probe  
  40  4:03  Pylon  
  33  4:24  Stalker x2  
  35  4:34  Probe  
  36  4:42  Stalker  
  36  4:44  Probe  
  39  4:47  Probe  
  39  4:52  Stalker  
  40  5:04  Stalker  
  42  5:11  Stalker  
  38  5:19  Stalker  
  31  5:31  Stalker  
  33  5:35  Pylon  
  33  5:36  Pylon  
  33  5:41  Probe  
  35  5:42  Probe  
Tags
 
Add a new tag
Caveats
  • Supply blocks, unpowered buildings, or Contaminate may cause inaccurate times.
  • Supply counts are checked every 10 seconds.